 Dungeon Crawl Stone Soup version 0.31.0-32-g396128a36d (webtiles) character file.

Game seed: 1139229701536404792

941 Gladio the Fighter (level 8, -1/88 HPs)
             Began as an Oni Berserker on Mar 14, 2024.
             Was a Believer of Trog.
             Slain by an ice beast (7 damage)
             ... on level 5 of the Dungeon.
             The game lasted 00:06:18 (4349 turns).

Gladio the Fighter (Oni Berserker)                  Turns: 4349, Time: 00:06:19

Health: -1/88      AC:  2    Str: 24    XL:     8   Next: 12%
Magic:  0/8        EV: 10    Int:  8    God:    Trog [**....]
Gold:   155        SH:  0    Dex:  8    Spells: 7/7 levels left

rFire   . . .        a - +0 hand axe
rCold   . . .        (no shield)
rNeg    + . .        b - +0 animal skin
rPois   .            (helmet restricted)
rElec   .            (no cloak)
rCorr   .            (gloves unavailable)
SInv    .            (boots unavailable)
Will    .....        u - amulet of guardian spirit
Stlth   +            k - ring of positive energy
HPRegen 0.34/turn    (no ring)
MPRegen 0.11/turn

%: clarity, guardian spirit
@: no status effects
A: large, unfitting armour, horns 1, tough skin 1, double potion healing,
drunken brawling, clarity, deformed body
a: Renounce Religion, Berserk, Trog's Hand


You were on level 5 of the Dungeon.
You worshipped Trog.
Trog was pleased with you.
You visited 1 branch of the dungeon, and saw 5 of its levels.

You collected 155 gold pieces.

Inventory:

Hand Weapons
 a - a +0 hand axe (weapon)
Missiles
 n - a poisoned dart (quivered)
Armour
 b - a +0 animal skin (worn)
 h - a scarf of harm
Jewellery
 k - a ring of positive energy (left hand)
 u - an amulet of guardian spirit (around neck)
Wands
 j - a wand of polymorph (2)
 q - a wand of digging (5)
 s - a wand of roots (8)
Scrolls
 e - 2 scrolls of teleportation {unknown}
 g - a scroll of vulnerability
 m - a scroll of amnesia {unknown}
 r - a scroll of torment {unknown}
 t - a scroll of identify {unknown}
Potions
 c - a potion of brilliance {unknown}
 d - 3 potions of mutation
 f - a potion of resistance {unknown}
 i - a potion of curing {unknown}
 l - a potion of berserk rage {unknown}
 o - a potion of lignification {unknown}
 p - a potion of enlightenment {unknown}
 v - a potion of attraction {unknown}


   Skills:
 + Level 8.0 Fighting
 * Level 8.0 Axes
 - Level 2.6 Dodging


You had 7 spell levels left.
You didn't know any spells.
Your spell library was empty.

Dungeon Overview and Level Annotations

Branches:
Dungeon (5/15)
 Temple: D:4-7

Altars:

Shops:
D:2 *   D:5 (

Annotations:
D:4 2 transporters


Innate Abilities, Weirdness & Mutations

You are too large for most types of armour.
You have a pair of small horns on your head.
You have tough skin. (AC +1)
You gain doubled healing and magic from potions.
Whenever you drink a healing potion, you attack all around you.
You possess an exceptional clarity of mind.
Armour fits poorly on your strangely shaped body.


Message History

You hit the ice beast. The ice beast closely misses you.
Your Fighting skill increases to level 8!
Your Axes skill increases to level 8!
You closely miss the ice beast.
The ice beast is lightly wounded.
The ice beast hits you but does no damage.
You hit the ice beast but do no damage. You headbutt the ice beast!
The ice beast is moderately wounded.
The ice beast closely misses you.
You hit the ice beast.
The ice beast is moderately wounded.
The ice beast completely misses you.
You hit the ice beast.
The ice beast is moderately wounded.
The ice beast hits you. The ice beast freezes you!
You are too injured to fight recklessly!
You are too injured to fight recklessly!
You hit the ice beast. Your headbutt misses the ice beast.
The ice beast is heavily wounded.
The ice beast hits you but does no damage.
You hit the ice beast but do no damage.
The ice beast is heavily wounded.
The ice beast hits you. The ice beast freezes you!
* * * LOW HITPOINT WARNING * * *
You barely miss the ice beast.
The ice beast is heavily wounded.
The ice beast hits you.
* * * LOW HITPOINT WARNING * * *
The ice beast freezes you!
* * * LOW HITPOINT WARNING * * *
You slash the ice beast!
You headbutt the ice beast, but do no damage.
The ice beast is severely wounded.
You hit the ice beast.
You headbutt the ice beast, but do no damage.
The ice beast is almost dead.
The ice beast hits you.
* * * LOW HITPOINT WARNING * * *
The ice beast freezes you!
You die...

#.# #.# #.# #.# #.# .
#.# ..#. #.#
#..#.###.#
#((..)@..###########
######
....#.Y.............#
.....# .
##..............#
#....+
#<..............#
#....#...
##...............#
.........
+........#########
#....#......##..##)#.#
#....# ............#.#
#....# .....#.....#.#


You could see an ice beast.

Vanquished Creatures
  A water moccasin (D:5)
  A black bear (D:5)
  3 ogres (D:5)
  A phantom (D:3)
  A scorpion (D:4)
  A gnoll bouda (D:4)
  2 hounds
  A bombardier beetle (D:4)
  2 iguanas
  4 gnolls (D:4)
  5 adders
  3 ribbon worms
  4 dart slugs
  10 orcs
  6 ball pythons
  4 endoplasms
  6 giant cockroaches
  5 goblins
  4 hobgoblins
  5 quokkas
  4 bats
  4 frilled lizards
  9 kobolds
  7 rats
93 creatures vanquished.

Notes
Turn   | Place    | Note
-------+----------+-------------------------------------------
     0 | D:1      | Gladio the Oni Berserker began the quest for the Orb.
     0 | D:1      | Reached XP level 1. HP: 24/24 MP: 1/1
    52 | D:1      | Reached XP level 2. HP: 32/32 MP: 2/2
   413 | D:1      | Reached XP level 3. HP: 39/40 MP: 3/3
   497 | D:1      | Reached ** piety under Trog
  1011 | D:2      | Reached XP level 4. HP: 38/49 MP: 4/4
  1080 | D:2      | Found Metywe's General Store.
  1216 | D:2      | Reached skill level 5 in Fighting
  1849 | D:3      | Noticed a phantom
  1858 | D:3      | Killed a phantom
  1859 | D:3      | Reached skill level 5 in Axes
  1859 | D:3      | Reached XP level 5. HP: 57/57 MP: 5/5
  2459 | D:4      | Gained mutation: Armour fits poorly on your strangely
                  | shaped body. [potion of mutation]
  2459 | D:4      | Gained mutation: You possess an exceptional clarity of
                  | mind. [potion of mutation]
  2785 | D:4      | Found a transporter.
  2803 | D:4      | Found a transporter.
  2969 | D:4      | Reached XP level 6. HP: 64/67 MP: 6/6
  3028 | D:4      | Reached *** piety under Trog
  3708 | D:5      | Entered Level 5 of the Dungeon
  3708 | D:5      | Noticed a water moccasin
  3718 | D:5      | Killed a water moccasin
  3719 | D:5      | Reached XP level 7. HP: 76/76 MP: 7/7
  3814 | D:5      | Identified the +8 spear "Cehigh" {elec, *Noise rPois Int+6}
  4149 | D:5      | Found Zet Xyem's Antique Weapon Shop.
  4221 | D:5      | Reached XP level 8. HP: 56/88 MP: 5/8
  4349 | D:5      | Slain by an ice beast

Illustrated notes

Levels and vault maps discovered:
D:1:      matt_arrival_refuge, layout_basic, nicolae_houndstooth_variations
D:2:      layout_basic, serial_shops, shop
D:3:      layout_loops_cross
D:4:      gammafunk_steamed_eel, layout_loops_corners
D:5:      layout_basic, mainiacjoe_overflow_alcove_1, serial_shops, shop,
          grunt_ministairs_14

Skill      XL: |  1  2  3  4  5  6  7  8 |
---------------+-------------------------+-----
Axes           | 4 5 6 7 8 |  8.0
Fighting       | 5 6 7 8 |  8.0
Dodging        | |  2.6

Action                     |  1- 3 |  4- 6 |  7- 9 || total
---------------------------+-------+-------+-------++-------
  Melee: Hand axe          |    97 |   162 |    68 ||   327
         Headbutt          |    17 |    21 |    14 ||    52
         Punch             |       |     3 |     1 ||     4
  Throw: Dart              |       |     3 |     8 ||    11
 Invoke: Berserk           |       |     3 |       ||     3
         Trog's Hand       |       |       |     1 ||     1
    Use: Scroll            |       |     1 |       ||     1
         Potion            |       |     1 |       ||     1
   Stab: Sleeping          |       |     1 |       ||     1
 Armour: Animal skin       |    68 |    94 |    46 ||   208
  Dodge: Dodged            |    55 |    75 |    26 ||   156
